Workbook
Name Age: Tables!$D$2:$D$47
Name Family: Tables!$E$2:$E$6
Name FutureNestEgg: Formulas!$C$34
Name InvestorType: Tables!$H$2:$H$6
Name Lifestyel: Tables!$G$2:$G$4
Name Lifestyle: Tables!$G$2:$G$4
Name NPVofFutureNestEgg: Formulas!$C$35
Name Period: Tables!$I$2:$I$5
Name StateTaxRate: 'From & Results'!$C$13
Name When2Retire: Tables!$F$2:$F$5

Sheet From & Results
B2: FILL OUT THIS FORM
B3: Income | C3: 0
B4: =Tables!D1 -> Age | C4: 25 | D4: FIGURES ARE BEING SHOWN | J4: =UPPER(C12) -> MONTHLY
B5: =Tables!E1 -> Family Type | C5: Single
B6: # of Dependent Children | C6: 0
B7: When to Retire (Age) | C7: 62
B8: =Tables!G1 -> Lifestyle in retirement | C8: Same lifestyle (even spending) | F8: =V8 -> 0 | T8: After Tax Income | U8: =(C3-Formulas!N12)/VLOOKUP($C$12,'Formula selector'!$S$2:$T$5,2,FALSE) -> 0 | V8: =ROUND(U8,IF(U8>100000,-3,-2)) -> 0
B9: Retirement Savings | C9: 0 | T9: Retirement | U9: =IF(-Formulas!C15=0,"Funded",-Formulas!C15/VLOOKUP(C12,'Formula selector'!S2:T5,2,FALSE)) -> Funded | V9: =IF(U9="Funded","Funded",ROUNDUP(U9,IF($U$8>100000,-3,-2))) -> Funded
B10: Count on Social Security | C10: Y | T10: Prep for the unexpected | U10: =Formulas!C19/VLOOKUP($C$12,'Formula selector'!$S$2:$T$5,2,FALSE) -> 0 | V10: =ROUND(U10,IF($U$8>100000,-3,-2)) -> 0
B11: Investor Type | C11: Balanced | T11: Save for other goals | U11: =Formulas!C20/VLOOKUP($C$12,'Formula selector'!$S$2:$T$5,2,FALSE) -> 0 | V11: =ROUND(U11,IF($U$8>100000,-3,-2)) -> 0
B12: What Period to see? | C12: Monthly | T12: Fake Paycheck | U12: =Formulas!C23/VLOOKUP(C12,'Formula selector'!S2:T5,2,FALSE) -> 0 | V12: =V8-SUM(V9:V11) -> 0
B13: Effective State Tax Rate | C13: 0.05 | E13: =SUM(V10:V12) -> 0 | L13: =V9 -> Funded
U14: PV | V14: FV
B15: The Fake Paycheck is designed to tell you how much you should pay yourself for spending purposes. (light blue box to the right) This amount is how much you should be transferring to your spending account. The rest should be dedicated to other purposes like retirement, emergencies, and other goals. Pay all your income to the "Funnel Account" and then make an auto-transfer out of the Funnel Account to your Fake Paycheck account. Ensure that your retirement savings are automatic through payroll deductions or an auto-transfer from the Funnel Account. The two yellow boxes could be separate accounts or that money could just remain in the Funnel Account for when it is needed. | L15: =IF(ISERR(CONCATENATE(-ROUND(Formulas!C17,3)*100,"% of gross pay")),"",CONCATENATE(-ROUND(Formulas!C17,3)*100,"% of gross pay")) | T15: Nest | U15: =Formulas!C11 -> -510638.3 | V15: =Formulas!C12 -> -1524371.1
L16: =IF(ISERR(CONCATENATE(-ROUND(Formulas!C16,3)*100,"% of net pay")),"",CONCATENATE(-ROUND(Formulas!C16,3)*100,"% of net pay"))
E22: =V10 -> 0 | G22: =V11 -> 0 | I22: =V12 -> 0
E25: =+Formulas!B38 -> Current Savings and Social Security Fund your Retirement Income Goal of $0 in Monthly Income by age 62
E26: =+Formulas!B32 -> This will feel like $0 in today's dollars
E27: =IF(NPVofFutureNestEgg>0,Formulas!B41,"")
B30: "This analysis is a tool intended to review your current financial situation and suggest potential planning ideas and concepts that may be of benefit. The purpose of the tool is to illustrate various considerations when making a financial decision. This report is based upon information and assumptions provided by you. This report provides broad and general guidelines on the advantages of certain financial planning concepts and does not constitute a recommendation of any particular technique. The consolidated report is provided for informational purposes as a courtesy to you. We recommend that you review your plan annually, unless changes in your personal or financial circumstances require more frequent review. Past performance is no guarantee of future performance and it is important to realize that actual results may differ from the projections contained in this report, perhaps to a significant degree. The presentation of investment returns set forth in this report does not reflect the deduction of any commissions and/or fees. Projected valuations and/or rates of return may not take into account surrender charges on products you might own. The information contained in this report is not written or intended as financial, tax or legal advice. You are encouraged to seek financial, tax and legal advice from your professional advisors." Capita Financial Network is an SEC-registered investment adviser. Registration with the SEC does not imply a certain level of skill or training

Sheet Tables
A1: Income | B1: $####### | C1: Income | D1: Age | E1: Family Type | F1: When to Retire | G1: Lifestyle in retirement | H1: Investor Type | I1: Period
A2: Age | B2: ## | C2: ='From & Results'!C3 -> 0 | D2: 20 | E2: Single | F2: Early | G2: Same lifestyle (even spending) | H2: Aggressive | I2: Annually
A3: Family Type | B3: Single, Partners (plan separately), Married no kids, Married 3 kids or less, Married 3 kids or more | D3: 21 | E3: Single Parent | F3: Phase out (mulit-year retirement transtion) | G3: Spend more later (spend less now) | H3: Growth | I3: Monthly
A4: Retire normal age or early? | B4: Early, Normal, Late, Phase out (mulit-year retirement transtion) | D4: 22 | E4: Couple (not married), but plan separately | F4: Normal | G4: Spend less later (spend more now) | H4: Balanced | I4: Every 2 Weeks
A5: Lifestyle change at retirement (spend less or more) | B5: Same lifestyle, lower lifestyle, higher lifestyle | D5: 23 | E5: Couple (married), but plan separately | F5: Late | H5: Conservative | I5: Weekly
D6: 24 | E6: Married | F6: Not used | H6: Scared
D7: 25
D8: 26
D9: 27
D10: 28
D11: 29
D12: 30
D13: 31
D14: 32
D15: 33
D16: 34
D17: 35
D18: 36
... D47: 65

Sheet Formulas
F1: 1 | H1: 1 | I1: 2 | J1: 3 | K1: 4 | M1: Marg Bracket
B2: ROR Assumptions | E2: Tax Rates | F2: 2 | G2: Tax rate | H2: Single | I2: Married, filing jointly | J2: Married, filing separately | K2: Head of household | M2: 0 | N2: =IF('From & Results'!C3-VLOOKUP('From & Results'!C5,'Formula selector'!B2:F8,5,FALSE)<0,0,'From & Results'!C3-VLOOKUP('From & Results'!C5,'Formula selector'!B2:F8,5,FALSE)) -> 0
B3: Rate of Return on investments | C3: =VLOOKUP('From & Results'!C11,'Formula selector'!P2:Q6,2,FALSE) -> 0.06 | E3: 0.1 | F3: 3 | G3: 0.1 | H3: 11925 | I3: 23850 | J3: 11925 | K3: 17000 | M3: =HLOOKUP(VLOOKUP('From & Results'!$C$5,'Formula selector'!$B$2:$F$8,2,FALSE),$H$1:$K$9,F3,FALSE) -> 11925 | N3: =IF($N$2>M3,(M3-M2)*G3,IF(($N$2-M2)<0,0,($N$2-M2)*G3)) -> 0
B4: Inflation Rate on spending | C4: 0.03 | E4: 0.12 | F4: 4 | G4: 0.12 | H4: 48475 | I4: 96950 | J4: 48475 | K4: 64850 | M4: =HLOOKUP(VLOOKUP('From & Results'!$C$5,'Formula selector'!$B$2:$F$8,2,FALSE),$H$1:$K$9,F4,FALSE) -> 48475 | N4: =IF($N$2>M4,(M4-M3)*G4,IF(($N$2-M3)<0,0,($N$2-M3)*G4)) -> 0
B5: After Inflation return | C5: =(1+C3)/(1+C4)-1 -> 0.029126214 | E5: 0.22 | F5: 5 | G5: 0.22 | H5: 103350 | I5: 206700 | J5: 103350 | K5: 103350 | M5: =HLOOKUP(VLOOKUP('From & Results'!$C$5,'Formula selector'!$B$2:$F$8,2,FALSE),$H$1:$K$9,F5,FALSE) -> 103350 | N5: =IF($N$2>M5,(M5-M4)*G5,IF(($N$2-M4)<0,0,($N$2-M4)*G5)) -> 0
E6: 0.24 | F6: 6 | G6: 0.24 | H6: 197300 | I6: 394600 | J6: 197300 | K6: 197300 | M6: =HLOOKUP(VLOOKUP('From & Results'!$C$5,'Formula selector'!$B$2:$F$8,2,FALSE),$H$1:$K$9,F6,FALSE) -> 197300 | N6: =IF($N$2>M6,(M6-M5)*G6,IF(($N$2-M5)<0,0,($N$2-M5)*G6)) -> 0
F7: 7 | G7: 0.32 | H7: 250525 | I7: 501050 | J7: 250525 | K7: 250500 | M7: =HLOOKUP(VLOOKUP('From & Results'!$C$5,'Formula selector'!$B$2:$F$8,2,FALSE),$H$1:$K$9,F7,FALSE) -> 250525 | N7: =IF($N$2>M7,(M7-M6)*G7,IF(($N$2-M6)<0,0,($N$2-M6)*G7)) -> 0
F8: 8 | G8: 0.35 | H8: 626350 | I8: 751600 | J8: 375800 | K8: 626350 | M8: =HLOOKUP(VLOOKUP('From & Results'!$C$5,'Formula selector'!$B$2:$F$8,2,FALSE),$H$1:$K$9,F8,FALSE) -> 626350 | N8: =IF($N$2>M8,(M8-M7)*G8,IF(($N$2-M7)<0,0,($N$2-M7)*G8)) -> 0
B9: Years Until Retirement | C9: ='From & Results'!C7-'From & Results'!C4 -> 37 | D9: Family Dynamic Factor | E9: Lifestyle Factor | F9: 9 | G9: 0.37 | H9: 10000000 | I9: 10000000 | J9: 10000000 | K9: 10000000 | M9: =HLOOKUP(VLOOKUP('From & Results'!$C$5,'Formula selector'!$B$2:$F$8,2,FALSE),$H$1:$K$9,F9,FALSE) -> 10000000 | N9: =IF($N$2>M9,(M9-M8)*G9,IF(($N$2-M8)<0,0,($N$2-M8)*G9)) -> 0
B10: After tax income needed from portfolio | C10: =('From & Results'!C3-N12)*AVERAGE(D10:E10) -> 0 | D10: =VLOOKUP('From & Results'!C5,'Formula selector'!B2:G8,4,FALSE) -> 1 | E10: =VLOOKUP('From & Results'!C8,'Formula selector'!M2:N4,2,FALSE) -> 1 | M10: FED | N10: =SUM(N3:N9) -> 0
B11: Nest Egg needed | C11: =(IF('From & Results'!C10="Y",C10-VLOOKUP('From & Results'!C5,'Formula selector'!$B$2:$G$8,6,FALSE)*12,C10))/VLOOKUP('From & Results'!C7,'Formula selector'!I2:J47,2,FALSE) -> -510638.3 | D11: =C10/VLOOKUP('From & Results'!C7,'Formula selector'!I2:J47,2,FALSE) -> 0 | M11: State | N11: {=StateTaxRate*N2} -> 0
B12: FV of Nest Egg | C12: =FV(C4,C9,0,-C11,1) -> -1524371.1 | D12: =FV(C4,C9,0,-D11) -> 0 | M12: Total TAX | N12: =SUM(N10:N11) -> 0
B13: Current Savings | C13: ='From & Results'!C9 -> 0
E14: Adjusted for Requested Period
B15: Annual Savings needed for retirement | C15: =IF(PMT(C5,C9,-C13,C11,1)<0,PMT(C5,C9,-C13,C11,1),0) -> 0 | E15: =C10/VLOOKUP('From & Results'!C12,'Formula selector'!S2:T5,2,FALSE) -> 0
B16: % of net pay to save | C16: =C15/('From & Results'!C3-Formulas!N12) -> #DIV/0! | E16: =FV(C4,C9,0,-E15) -> 0
B17: % of gross pay to save | C17: =C15/('From & Results'!C3) -> #DIV/0!
B19: Annual Savings for the unexpected | C19: =C10*0.05 -> 0
B20: Save up for other Goals | C20: =10%*C10 -> 0
B23: Fake Paycheck | C23: ='From & Results'!C3-N12+C15-C19-C20 -> 0
B24: Weekly | C24: =C23/52 -> 0
B25: Every other week | C25: =C23/26 -> 0
B26: Monthly | C26: =C23/12 -> 0
B31: =IF(FutureNestEgg<=0,"Current Savings and Social Security Fund your Retirement Income Goal","You're on your way to a nest egg of ") -> Current Savings and Social Security Fund your Retirement Income Goal
B32: ="This will feel like "&IF(NPVofFutureNestEgg>0,TEXT(NPVofFutureNestEgg,"$#,##0"),TEXT(E15,"$#,##0"))&" in today's dollars" -> This will feel like $0 in today's dollars
B34: Future Nest Egg | C34: =C12 -> -1524371.1
B35: Present Value of Future Nest Egg | C35: ='From & Results'!U15 -> -510638.3
B38: =CONCATENATE(B31,B39," by age ",B40) -> Current Savings and Social Security Fund your Retirement Income Goal of $0 in Monthly Income by age 62
B39: =IF(FutureNestEgg<=0," of "&TEXT(E16,"$#,##0")&" in "&VLOOKUP('From & Results'!C12,'Formula selector'!S2:U5,3,FALSE)&" Income "," of "&TEXT(FutureNestEgg,"$#,##0")) -> of $0 in Monthly Income
B40: ='From & Results'!C7 -> 62
B41: ="Your "&VLOOKUP('From & Results'!C12,'Formula selector'!S2:U5,3,FALSE)&" income will be "&TEXT(E16,"$#,##0")&" which will feel like "&TEXT(Formulas!E15,"$#,##0")&" does today, given your family dynamic" -> Your Monthly income will be $0 which will feel like $0 does today, given your family dynamic

Sheet Formula selector
B1: =Tables!E1 -> Family Type | C1: Tax Table | D1: Spend now allocation | E1: Spend later allocation | F1: Deduction & credits | G1: SS per month | I1: When2Retire affect | J1: Age | M1: Lifestyle | P1: InvestorType | Q1: ROR | S1: =Tables!I1 -> Period
B2: =Tables!E2 -> Single | C2: 1 | D2: 1 | E2: =200%-D2 -> 1 | F2: 15000 | G2: 2000 | I2: 40 | J2: 0.035 | M2: =Tables!G2 -> Same lifestyle (even spending) | N2: 1 | P2: =Tables!H2 -> Aggressive | Q2: 0.09 | S2: =Tables!I2 -> Annually | T2: 1 | U2: Annual
B3: =Tables!E3 -> Single Parent | C3: 4 | D3: 1.1 | E3: =200%-D3 -> 0.9 | F3: =22500+2000*'From & Results'!C6 -> 22500 | G3: 2000 | I3: 41 | J3: 0.035 | M3: =Tables!G3 -> Spend more later (spend less now) | N3: 1.15 | P3: =Tables!H3 -> Growth | Q3: 0.075 | S3: =Tables!I3 -> Monthly | T3: 12 | U3: Monthly
B4: =Tables!E4 -> Couple (not married), but plan separately | C4: 1 | D4: 1 | E4: =200%-D4 -> 1 | F4: =15000+2000*'From & Results'!$C$6 -> 15000 | G4: 2000 | I4: 42 | J4: 0.035 | M4: =Tables!G4 -> Spend less later (spend more now) | N4: 0.85 | P4: =Tables!H4 -> Balanced | Q4: 0.06 | S4: =Tables!I4 -> Every 2 Weeks | T4: 26 | U4: Bi-weekly
B5: =Tables!E5 -> Couple (married), but plan separately | C5: 3 | D5: 1 | E5: =200%-D5 -> 1 | F5: =15000+2000*'From & Results'!$C$6 -> 15000 | G5: 2000 | I5: 43 | J5: 0.035 | P5: =Tables!H5 -> Conservative | Q5: 0.045 | S5: =Tables!I5 -> Weekly | T5: 52 | U5: Weekly
B6: Married | C6: 2 | D6: =VLOOKUP('From & Results'!C6,'Formula selector'!B11:E13,3,TRUE) -> 1 | E6: =200%-D6 -> 1 | F6: =30000+2000*'From & Results'!C6 -> 30000 | G6: 3000 | I6: 44 | J6: 0.035 | P6: =Tables!H6 -> Scared | Q6: 0.02
I7: 45 | J7: 0.035
I8: 46 | J8: 0.035
I9: 47 | J9: 0.035
B10: Dependent Children Adjuster | I10: 48 | J10: 0.035
B11: 0 | D11: 1 | I11: 49 | J11: 0.035
B12: 1 | D12: 1.1 | I12: 50 | J12: 0.035
B13: 4 | D13: 1.2 | I13: 51 | J13: 0.036
I14: 52 | J14: 0.037
I15: 53 | J15: 0.038
I16: 54 | J16: 0.039
I17: 55 | J17: 0.04
I18: 56 | J18: 0.041
I19: 57 | J19: 0.042
I20: 58 | J20: 0.043
I21: 59 | J21: 0.044
I22: 60 | J22: 0.045
I23: 61 | J23: 0.046
I24: 62 | J24: 0.047
I25: 63 | J25: 0.048
... I47: 85 | J47: 0.205
